 Dungeon Crawl Stone Soup version 0.29-a0-234-g0dae59b3db (webtiles) character file.

Game seed: 10879601734725366525

415 spaghetti the Skirmisher (level 6, -11/55 HPs)
             Began as a Demonspawn Hunter on Mar 3, 2022.
             Mangled by a komodo dragon (13 damage)
             ... on level 5 of the Dungeon.
             The game lasted 00:05:49 (4437 turns).

spaghetti the Skirmisher (Demonspawn Hunter)        Turns: 4437, Time: 00:05:50

Health: -11/55     AC:  5    Str: 18    XL:     6   Next: 60%
Magic:  15/15      EV: 12    Int: 15    God:
Gold:   90         SH:  0    Dex: 18    Spells: 5/5 levels left

rFire   . . .      SeeInvis .   a - +2 war axe "Newtbane" {venom, *Noise rPois rCorr Stlth+, axe}
rCold   . . .      Faith    .   (no shield)
rNeg    . . .      Spirit   .   q - +2 leather armour of the Original Sin {Int+3}
rPois   +          Reflect  .   (no helmet)
rElec   .          Harm     .   (no cloak)
rCorr   +          Rampage  .   (no gloves)
Will    .....                   (no boots)
Stlth   +++.......              (no amulet)
HPRegen 0.18/turn               c - ring of Modesty {MP+9 Str+4 Dex+4}
MPRegen 0.14/turn               (no ring)

@: no status effects
A: demonic guardian 1, weakness stinger 1
a: no special abilities


You were on level 5 of the Dungeon.
You visited 1 branch of the dungeon, and saw 5 of its levels.

You collected 251 gold pieces.
You spent 161 gold pieces at shops.


Innate Abilities, Weirdness & Mutations

A weak demonic guardian rushes to your aid.
You have a small tail.


   Skills:
 + Level 7.2 Fighting
 - Level 3.6 Bows
 - Level 1.7 Dodging
 - Level 0.8 Stealth


You had 5 spell levels left.
You didn't know any spells.
Your spell library contained the following spells:

 Spells                   Type           Power      Damage    Failure   Level
 Gell's Gravitas          Tloc           0%         N/A       67%         3
 Lesser Beckoning         Tloc           0%         N/A       67%         3
 Teleport Other           Tloc           0%         N/A       67%         3
 Leda's Liquefaction      Hex/Erth       0%         N/A       97%         4
 Lee's Rapid Deconstruct  Erth           0%         3d5*      100%        5
 Summon Forest            Summ/Tloc      0%         N/A       100%        5
 Eringya's Noxious Bog    Tmut/Pois      0%         N/A       100%        6
 Statue Form              Tmut/Erth      0%         N/A       100%        6
 Summon Hydra             Summ           0%         N/A       100%        7

Inventory:

Hand Weapons
 a - the +2 war axe "Newtbane" (weapon) {venom, *Noise rPois rCorr Stlth+, axe}
   (You found it on level 3 of the Dungeon)

   It poisons the flesh of those it strikes.
   rPois:     It protects you from poison.
   *Noise:    It may make noises in combat.
   rCorr:     It protects you from acid and corrosion.
   Stlth:     It makes you more stealthy.
 b - a +2 shortbow of flaming {bow}
 h - a +1 vorpal spear {polearm}
   (You took it off a kobold on level 1 of the Dungeon)
 l - a +2 dagger of flaming {short}
   (You took it off a goblin on level 3 of the Dungeon)
Missiles
 d - 108 stones {throwing}
 f - 2 javelins {throwing}
Armour
 q - the +2 leather armour of the Original Sin (worn) {Int+3}
   (You bought it in a shop on level 4 of the Dungeon)

   Int:       It affects your intelligence (+3).
Jewellery
 c - the ring of Modesty (left hand) {MP+9 Str+4 Dex+4}
   (You acquired it on level 2 of the Dungeon)

   [ring of magical power]

   Str:       It affects your strength (+4).
   Dex:       It affects your dexterity (+4).
   MP:        It affects your magic capacity (+9).
 g - a ring of ice
   (You found it on level 1 of the Dungeon)
 m - a ring of poison resistance
   (You found it on level 4 of the Dungeon)
 n - a ring of protection from cold
   (You took it off a goblin on level 3 of the Dungeon)
Wands
 e - a wand of paralysis (4)
   (You found it on level 2 of the Dungeon)
Scrolls
 j - 2 scrolls of identify {@r1}
 o - a scroll of teleportation {@r4}
Potions
 i - 3 potions of heal wounds {@q2}
 r - a potion of flight
 s - a potion of brilliance {unknown}
 t - a potion of lignification {unknown}
Miscellaneous
 p - a condenser vane
   (You found it on level 3 of the Dungeon)

Dungeon Overview and Level Annotations

Branches:
Dungeon (5/15)
 Temple: D:4-7

Altars:
Dithmenos

Shops:
D:4

[ ..# #.##.##.#### .##
#..#........ . .#
##.......... .. .#
##..........
.###...........
#'##.......[....
##..#..†..........
##lY.#.............
#.@5##.............
#.†###.............
##+##+##'##.............
#.........#.............
#.8..8..8.#.............
#.........#............
#####'#####...........
#.#####...........
#.................


You could see a komodo dragon (very poisoned, ally target), an ice beast and a
friendly white imp (summoned).


Message History

You hit the hound.
The hound looks as sick as possible!
The hound misses you.
The white imp shouts, "Fly, thou pottle-deep common-kissing simpleton!"
The hound bites you. 😕 HP[-1]
You take 1 damage, and now have 53/55 hp.
You hit the hound.
You kill the hound!
You hear the rusting of a distant drain.
The jackal misses you. 😕 HP[+1]
You hit the jackal but do no damage.
The jackal is poisoned.
The jackal bites you. The jackal closely misses you.
The jackal barely misses you. 😕 HP[-2]
You take 2 damage, and now have 52/55 hp.
You closely miss the jackal. The jackal bites you.
The jackal closely misses you. 😕 HP[-3]
You take 3 damage, and now have 49/55 hp.
You hit the jackal.
You kill the jackal!
The white imp gestures at you. The puff of frost hits you!
A demonic guardian appears!
The white imp picks up a beetle and eats it.
You see here a hound corpse. 😕 HP[-6]
You take 6 damage, and now have 43/55 hp.
You hit the white imp.
Your tail-slap misses the white imp.
The white imp barely misses you.
You hit the white imp.
The white imp is poisoned.
The white imp hits you. The white imp freezes you. 😮 HP[-7]
You take 7 damage, and now have 36/55 hp.
You are too injured to fight recklessly!
You are too injured to fight recklessly!
You are too injured to fight recklessly!
You are too injured to fight recklessly!
You are too injured to fight recklessly!
You are too injured to fight recklessly!
You are too injured to fight recklessly!
You are too injured to fight recklessly!
You are too injured to fight recklessly!
A white imp is nearby!
A white imp is nearby!
You are too injured to fight recklessly!
You are too injured to fight recklessly!
You are too injured to fight recklessly!
You are too injured to fight recklessly!
You are too injured to fight recklessly!
You hit the white imp.
You kill the white imp! 😮 HP[+1]
Your ufetubus disappears in a puff of smoke!
A komodo dragon comes into view. 😮 HP[+2]
You regained 2 hp, and now have 39/55 hp.
A komodo dragon is nearby!
A komodo dragon is nearby!
A komodo dragon is nearby!
You are too injured to fight recklessly!
You are too injured to fight recklessly!
You are too injured to fight recklessly!
You are too injured to fight recklessly!
You are too injured to fight recklessly!
You are too injured to fight recklessly!
You are too injured to fight recklessly!
You are too injured to fight recklessly!
You are too injured to fight recklessly!
Unknown command.
The +2 war axe "Newtbane" {venom, *Noise rPois rCorr Stlth+, axe} stops dripping with poison.
Your +2 shortbow of flaming {bow} bursts into flame!
b - a +2 shortbow of flaming (weapon)
{bow} Shoot: b) +2 shortbow (flame) {bow}
Press: ? - help, Q - select action, (/) - cycle Shift-Dir - straight line, f - komodo dragon
Aim: a komodo dragon (wandering, hasn't noticed you, 73% to hit)
You shoot an arrow. The komodo dragon hisses angrily.
The arrow hits the komodo dragon.
The arrow burns the komodo dragon. 😮 HP[+1] Shoot: b) +2 shortbow (flame) {bow}
Press: ? - help, Q - select action, (/) - cycle Shift-Dir - straight line, f/p - komodo dragon
Aim: a komodo dragon (lightly wounded, 73% to hit)
You shoot an arrow. The arrow hits the komodo dragon.
The arrow burns the komodo dragon.
An ice beast comes into view.
Your +2 shortbow of flaming {bow} stops flaming.
The +2 war axe "Newtbane" {venom, *Noise rPois rCorr Stlth+, axe} begins to drip with poison!
a - the +2 war axe "Newtbane" (weapon)
{venom, *Noise rPois rCorr Stlth+, axe} The komodo dragon bites you! 😮 HP[-10]
You take 10 damage, and now have 30/55 hp.
You are too injured to fight recklessly!
You hit the komodo dragon but do no damage.
The komodo dragon is poisoned.
The komodo dragon bites you but does no damage.
You hit the komodo dragon. The komodo dragon bites you!!
Ouch! That really hurt!
* * * LOW HITPOINT WARNING * * *
A demonic guardian appears!
The komodo dragon bites you!
You die...

Skill      XL: |  1  2  3  4  5  6 |
---------------+-------------------+-----
Fighting       | 3 4 5 6 7 |  7.2
Bows           | |  3.6
Dodging        | |  1.7
Stealth        | |  0.8

Action                   |  1- 3 |  4- 6 || total
-------------------------+-------+-------++-------
Melee: Dagger            |       |    24 ||    24
       War axe           |       |    46 ||    46
       Tailslap          |       |     6 ||     6
       Punch             |       |     2 ||     2
 Fire: Shortbow          |    80 |    67 ||   147
  Use: Scroll            |     4 |     9 ||    13
       Potion            |     2 |       ||     2
 Stab: Sleeping          |       |     7 ||     7
       Distracted        |       |     1 ||     1
Armor: Leather armour    |     5 |    28 ||    33
Dodge: Dodged            |    14 |    51 ||    65

Levels and vault maps discovered:
D:1:      minmay_arrival_loop, layout_loops_ring, basic_ecumenical_altar,
          minmay_tetromino_l2
D:2:      layout_basic, minmay_strange_pillars
D:3:      minmay_octagon_keep, layout_basic
D:4:      layout_layer_cave, old_standard_altar, serial_shops, shop
D:5:      minmay_chambers_of_threes, layout_basic,
          lemuel_mausoleum_altar_yredelemnul, portal_sewer_entry_a, uniq_edmund

Notes
Turn   | Place    | Note
-------+----------+-------------------------------------------
     0 | D:1      | spaghetti the Demonspawn Hunter began the quest for the
                  | Orb.
     0 | D:1      | Reached XP level 1. HP: 16/16 MP: 1/1
     0 | D:1      | magus.rc [v1.9.6]
   274 | D:1      | Gained mutation: A weak demonic guardian rushes to your
                  | aid. [demonic ancestry]
   274 | D:1      | Reached XP level 2. HP: 20/23 MP: 2/2
   341 | D:1      | Reached skill level 3 in Fighting
   343 | D:1      | HP: 1/24 [gnoll/+0 flail (12)]
   638 | D:1      | Reached XP level 3. HP: 29/29 MP: 3/3
   644 | D:1      | Found a faded altar of an unknown god.
  1121 | D:2      | HP: 7/30 [adder (2)]
  1126 | D:2      | Reached skill level 4 in Fighting
  1418 | D:2      | Identified a scroll of acquirement
  1418 | D:2      | Acquired the ring of Modesty {MP+9 Str+4 Dex+4}
  1650 | D:2      | You pick up a book of Displacement and begin reading...
  1650 | D:2      | You add the spells Lesser Beckoning, Gell's Gravitas and
                  | Teleport Other to your library.
  1665 | D:2      | Reached XP level 4. HP: 38/38 MP: 4/4
  1790 | D:2      | Identified the +3 leather armour of Bursted Salvation {rF+
                  | Int+7 Dex-5}
  1949 | D:3      | You pick up a book of the Earth and begin reading...
  1949 | D:3      | You add the spells Leda's Liquefaction, Lee's Rapid
                  | Deconstruction and Statue Form to your library.
  2047 | D:3      | HP: 7/38 [something/magic dart (6)]
  2448 | D:3      | Reached skill level 5 in Fighting
  2448 | D:3      | Gained mutation: You have a small tail. [demonic ancestry]
  2448 | D:3      | Reached XP level 5. HP: 39/44 MP: 5/5
  2736 | D:3      | Reached skill level 6 in Fighting
  2760 | D:3      | Identified the +2 war axe "Newtbane" {venom, *Noise rPois
                  | rCorr Stlth+}
  3158 | D:4      | Reached XP level 6. HP: 45/53 MP: 6/6
  3220 | D:4      | You add the spells Summon Forest, Eringya's Noxious Bog and
                  | Summon Hydra to your library.
  3221 | D:4      | Found Paebuown's Antique Armour Shop.
  3234 | D:4      | Bought a polished leather armour for 161 gold pieces
  3234 | D:4      | Identified the +2 leather armour of the Original Sin
                  | {Int+3} (You bought it in a shop on level 4 of the Dungeon)
  3381 | D:4      | Found a shadowy altar of Dithmenos.
  4213 | D:5      | Entered Level 5 of the Dungeon
  4260 | D:5      | Reached skill level 7 in Fighting
  4431 | D:5      | Noticed a komodo dragon
  4434 | D:5      | Noticed an ice beast
  4437 | D:5      | HP: 2/55 [komodo dragon (28)]
  4437 | D:5      | Mangled by a komodo dragon

Vanquished Creatures
  A scorpion (D:3)
  2 hounds
  A jelly (D:4)
  An orc wizard (D:3)
  2 iguanas (D:5)
  5 adders
  2 gnolls
  2 white imps
  3 worms
  4 dart slugs
  6 orcs (D:3)
  5 bats
  11 endoplasms
  3 giant cockroaches
  4 goblins
  8 hobgoblins
  5 jackals
  2 quokkas (D:3)
  5 ball pythons
  8 frilled lizards
  13 kobolds
  4 rats
97 creatures vanquished.

Table legend:
 A = Non-vault XP
 B = Vault XP
 C = Vault XP percentage of total XP
 D = Non-vault monster count
 E = Vault monster count
 F = Vault count percentage of total count
                 A         B        C        D         E       F
            +---------+---------+-------+---------+---------+-------
      Total |     415 |     179 |  30.1 |      77 |      20 |  20.6
            +---------+---------+-------+---------+---------+-------
        D:1 |      49 |       3 |   5.8 |      20 |       2 |   9.1
        D:2 |      52 |       0 |   0.0 |      18 |       0 |   0.0
        D:3 |     106 |     124 |  53.9 |      21 |      15 |  41.7
        D:4 |     133 |       0 |   0.0 |      15 |       0 |   0.0
        D:5 |      75 |      52 |  40.9 |       3 |       3 |  50.0
            +---------+---------+-------+---------+---------+-------

Illustrated notes

Table legend:
 A = Kills in this place as a percentage of kills in entire the game.
 B = Kills by you in this place as a percentage of kills by you in the entire game.
 C = Kills by friends in this place as a percentage of kills by friends in the entire game.
 D = Other kills in this place as a percentage of other kills in the entire game.
 E = Experience gained in this place as a percentage of experience gained in the entire game.
 F = Experience gained in this place divided by the number of levels of this place that you have seen.
                   A       B       C       D       E      F
               +-------+-------+-------+-------+-------+----------------------
         Total | 100.0 | 100.0 |   N/A |   N/A | 100.0 | 118.8
       Dungeon | 100.0 | 100.0 |   N/A |   N/A | 100.0 | 118.8
               +-------+-------+-------+-------+-------+----------------------

Table legend: (Time is in decaauts)
 A = Elapsed time spent in this place.
 B = Non-inter-level travel time spent in this place.
 C = Inter-level travel time spent in this place.
 D = Time resting spent in this place.
 E = Time spent auto-exploring this place.
 F = Levels seen in this place.
 G = Mean time per level.
                   A        B        C        D        E       F      G
               +--------+--------+--------+--------+--------+-----+--------+
         Total |   4507 |   4331 |    176 |    941 |   2820 |   5 |  901.4 |
       Dungeon |   4507 |   4331 |    176 |    941 |   2820 |   5 |  901.4 |
               +--------+--------+--------+--------+--------+-----+--------+

Top non-repeatable levels by time:
     D:4: 1314 daAuts
     D:1: 1113 daAuts
     D:2: 1083 daAuts
     D:3: 762 daAuts
     D:5: 232 daAuts
